 Dungeon Crawl Stone Soup version 0.29.1 (webtiles) character file.

Game seed: 7255061032166805492

4247 gelatine the Skirmisher (level 10, -1/79 HPs)
             Began as a Gnoll Hunter on Sept 12, 2022.
             Was a Believer of Okawaru.
             Killed by divine providence
             ... invoked by an orc priest
              (10 damage)
             ... on level 9 of the Dungeon.
             The game lasted 00:26:35 (8821 turns).

gelatine the Skirmisher (Gnoll Hunter)              Turns: 8821, Time: 00:26:35

Health: -1/79      AC: 12    Str: 10    XL:     10   Next: 31%
Magic:  5/18       EV: 18    Int: 19    God:    Okawaru [**....]
Gold:   230        SH:  0    Dex: 26    Spells: 14/19 levels left

rFire   . . .      SeeInvis .   S - +3 short sword
rCold   . . .      Faith    .   (no shield)
rNeg    . . .      Spirit   .   P - +1 robe of Zuazy {rPois Int+7}
rPois   +          Reflect  .   V - +2 hat {Int+3}
rElec   .          Harm     .   (no cloak)
rCorr   .          Rampage  .   I - +1 pair of gloves
Will    .....                   F - +0 pair of boots
Stlth   ++++......              (no amulet)
HPRegen 0.23/turn               U - +6 ring of dexterity
MPRegen 0.16/turn               k - +4 ring of protection

@: on berserk cooldown, slowed, very slow
A: fangs 1, strong nose, distributed training
a: Renounce Religion, Heroism


You were on level 9 of the Dungeon.
You worshipped Okawaru.
Okawaru was pleased with you.
You visited 2 branches of the dungeon, and saw 10 of its levels.

You collected 483 gold pieces.
You spent 253 gold pieces at shops.

Inventory:

Hand Weapons
 a - a +0 shortbow
 S - a +3 short sword (weapon)
Missiles
 x - 4 atropa-tipped darts
 J - a throwing net
Armour
 f - a +0 helmet
 p - a +0 ring mail
 F - a +0 pair of boots (worn)
 H - an orb of guile
 I - a +1 pair of gloves (worn)
 K - a +2 robe of willpower
 O - a +0 robe of positive energy
 P - the +1 robe of Zuazy (worn) {rPois Int+7}
   (You found it on level 7 of the Dungeon)

   Int:       It affects your intelligence (+7).
   rPois:     It protects you from poison.
 Q - a +2 chain mail of willpower
 V - a +2 hat of intelligence (worn)
 W - +0 steam dragon scales
Jewellery
 e - a ring of poison resistance
 k - a +4 ring of protection (right hand)
 u - a ring of flight
 T - a ring of ice
 U - a +6 ring of dexterity (left hand)
Wands
 y - a wand of light (4)
 D - a wand of polymorph (8)
 N - a wand of paralysis (14)
Scrolls
 b - 2 scrolls of immolation
 c - a scroll of silence
 g - 4 scrolls of teleportation
 j - 3 scrolls of magic mapping
 l - 2 scrolls of poison
 q - 3 scrolls of amnesia
 r - 2 scrolls of vulnerability
 t - a scroll of fear
 v - a scroll of torment
 B - 4 scrolls of noise
 C - a scroll of enchant weapon {unknown}
 E - 5 scrolls of blinking
 G - a scroll of enchant armour {unknown}
 L - a scroll of butterflies {unknown}
 R - a scroll of brand weapon {unknown}
Potions
 d - 3 potions of curing
 h - 3 potions of brilliance
 i - 2 potions of magic
 m - a potion of cancellation
 n - a potion of berserk rage
 o - 2 potions of heal wounds {unknown}
 s - 2 potions of flight {unknown}
 w - a potion of invisibility {unknown}
 z - a potion of degeneration {unknown}
 A - a potion of attraction {unknown}
 M - a potion of mutation {unknown}


   Skills:
 + Level 7.1 Fighting
 + Level 5.3 Short Blades
 + Level 5.3 Long Blades
 + Level 5.3 Axes
 + Level 5.3 Maces & Flails
 + Level 5.3 Polearms
 + Level 5.3 Staves
 + Level 10.1 Ranged Weapons
 + Level 5.3 Throwing
 + Level 5.3 Armour
 + Level 7.1 Dodging
 + Level 5.9 Stealth
 + Level 5.3 Shields
 + Level 5.3 Unarmed Combat
 + Level 5.3 Spellcasting
 + Level 4.4 Conjurations
 + Level 4.4 Hexes
 + Level 4.4 Summonings
 + Level 4.4 Necromancy
 + Level 4.4 Translocations
 + Level 4.4 Transmutations
 + Level 4.4 Fire Magic
 + Level 4.4 Ice Magic
 + Level 4.4 Air Magic
 + Level 4.4 Earth Magic
 + Level 4.4 Poison Magic
 + Level 5.9 Invocations
 + Level 5.3 Evocations


You had 14 spell levels left.
You knew the following spells:

 Your Spells              Type           Power      Damage    Failure   Level
a - Wereblood             Tmut           21%        N/A       3%          2
b - Portal Projectile     Hex/Tloc       42%        N/A       6%          3

Your spell library contained the following spells:

 Spells                   Type           Power      Damage    Failure   Level
 Sandblast                Erth           42%        2d11      1%          1
 Spider Form              Tmut/Pois      21%        N/A       6%          3
 Petrify                  Tmut/Erth      21%        N/A       19%         4
 Blade Hands              Tmut           10%        N/A       47%         5
 Eringya's Noxious Bog    Tmut/Pois      10%        N/A       96%         6
 Tukima's Dance           Hex            Unusable   N/A       N/A         3

Dungeon Overview and Level Annotations

Branches:
Dungeon (9/15)             Temple (1/1) D:7             Orc (0/2) D:9
   Lair: D:8-11

Altars:
Cheibriados
Dithmenos
Elyvilon
Fedhas
Gozag
Hepliaklqana
Kikubaaqudgha
Nemelex Xobeh
Okawaru
Qazlal
Ru
Sif Muna
Trog
Uskayaw
Vehumet
Wu Jian
Xom
Yredelemnul

Shops:
D:1 *   D:3 (


Innate Abilities, Weirdness & Mutations

You have very sharp teeth.
Your uncanny sense of smell can sniff out nearby items.
Your experience applies equally to all skills.


Message History

You kill the killer bee!
Okawaru accepts your kill.
You barely miss the orc. Your bite misses the orc. The orc misses you.
The orc hits you but does no damage.
You hit the orc. You bite the orc.
You kill the orc!
Okawaru accepts your kill.
You puncture the orc!
You kill the orc!
Okawaru accepts your kill.
You closely miss something. Something hits you but does no damage.
You puncture something! You puncture something! Okawaru accepts your kill.
Reactivating autopickup.
You feel a bit more experienced.
You barely miss the orc priest.
The orc priest invokes the aid of Beogh against you.
Pain shoots through your body!
* * * LOW HITPOINT WARNING * * *
You puncture the orc priest!
The orc priest is severely wounded.
You barely miss the orc priest. Your bite misses the orc priest.
The orc priest is severely wounded.
You are no longer berserk.
You are exhausted.
You feel yourself slow down.
The orc warrior hits you with a +2 long sword of freezing!
* * * LOW HITPOINT WARNING * * *
The orc warrior freezes you.
* * * LOW HITPOINT WARNING * * *
The orc priest misses you. The orc closely misses you.
Blink to where?
Press: ? - help, Q - select action, (/) - cycle Dir - move target
As you read the scroll of blinking, it crumbles to dust.
An orc comes into view. It is wielding a +0 short sword.
The orc priest casts a cantrip, but nothing happens.
The orc priest calls down the wrath of Beogh upon you.
Beogh smites you!
You die...

.....##....###.....
#........o..o......
.#....#.#o...........
.....###.#............
..........o...........
......................
.....#).....#.........
.... #......#.........
...........@......#
.............<....#
....................
.....#..............
#........#......#...
.......##......# ..
..... ###.#.... .
..... ####... ....


You could see an orc warrior, 2 orc priests and an orc (wandering).

Vanquished Creatures
  A two-headed ogre (D:8)
  An ugly thing (D:9)
  A wyvern (D:6)
  Eustachio (D:6)
  3 steam dragons
  Menkaure (D:5)
  Edmund (D:6)
  A water moccasin (D:8)
  Duvessa (D:6)
  2 sky beasts
  An orc warrior (D:7)
  2 ice beasts
  2 centaurs
  An ogre (D:6)
  Blork the orc (D:5)
  3 bullfrogs
  4 scorpions
  A necrophage (D:7)
  3 wights (D:6)
  Dowan (D:6)
  2 killer bees (D:9)
  A jelly (D:5)
  2 hounds
  3 orc priests
  6 orc wizards
  2 iguanas
  5 gnolls
  9 adders
  2 shadow imps
  3 white imps (D:7)
  3 worms
  A dart slug (D:1)
  23 orcs
  6 ball pythons
  5 bats
  4 endoplasms
  2 giant cockroaches
  7 goblins
  10 hobgoblins
  3 jackals
  4 quokkas
  2 frilled lizards (D:1)
  7 kobolds
  3 rats
147 creatures vanquished.

Notes
Turn   | Place    | Note
-------+----------+-------------------------------------------
     0 | D:1      | gelatine the Gnoll Hunter began the quest for the Orb.
     0 | D:1      | Reached XP level 1. HP: 20/20 MP: 1/1
   203 | D:1      | Reached XP level 2. HP: 26/26 MP: 2/2
   204 | D:1      | Found a faded altar of an unknown god.
   253 | D:1      | Found Ubraonna's Assorted Antiques.
   267 | D:1      | Reached XP level 3. HP: 31/31 MP: 2/4
   298 | D:1      | Reached skill level 1 in Invocations
   615 | D:1      | Bought a scroll labelled ZUNWUI CIHOUS for 21 gold pieces
   615 | D:1      | Bought a viscous green potion for 18 gold pieces
   615 | D:1      | Bought a scroll labelled FIANA SAOSTRA for 21 gold pieces
   691 | D:2      | Reached skill level 1 in Short Blades
   691 | D:2      | Reached skill level 1 in Long Blades
   691 | D:2      | Reached skill level 1 in Axes
   691 | D:2      | Reached skill level 1 in Maces & Flails
   691 | D:2      | Reached skill level 1 in Polearms
   691 | D:2      | Reached skill level 1 in Staves
   691 | D:2      | Reached skill level 1 in Throwing
   691 | D:2      | Reached skill level 1 in Armour
   691 | D:2      | Reached skill level 1 in Shields
   691 | D:2      | Reached skill level 1 in Unarmed Combat
   691 | D:2      | Reached skill level 1 in Spellcasting
   691 | D:2      | Reached skill level 1 in Evocations
   732 | D:2      | Reached XP level 4. HP: 38/38 MP: 5/5
  1051 | D:2      | Reached skill level 1 in Conjurations
  1051 | D:2      | Reached skill level 1 in Hexes
  1051 | D:2      | Reached skill level 1 in Summonings
  1051 | D:2      | Reached skill level 1 in Necromancy
  1051 | D:2      | Reached skill level 1 in Translocations
  1051 | D:2      | Reached skill level 1 in Transmutations
  1051 | D:2      | Reached skill level 1 in Fire Magic
  1051 | D:2      | Reached skill level 1 in Ice Magic
  1051 | D:2      | Reached skill level 1 in Air Magic
  1051 | D:2      | Reached skill level 1 in Earth Magic
  1051 | D:2      | Reached skill level 1 in Poison Magic
  1486 | D:3      | Found Hestem's Weapon Boutique.
  1710 | D:3      | Reached XP level 5. HP: 43/43 MP: 7/7
  1934 | D:1      | Bought a sedimented pink potion for 18 gold pieces
  1934 | D:1      | Bought a fizzy clear potion for 18 gold pieces
  2042 | D:4      | Got the Catalogue of Iron Transformation
  2444 | D:4      | Found a hazy altar of Hepliaklqana.
  2444 | D:4      | Found a shadowy altar of Dithmenos.
  2446 | D:4      | Noticed a shadow
  2560 | D:4      | Found an iron altar of Okawaru.
  2680 | D:5      | Entered Level 5 of the Dungeon
  2691 | D:5      | Reached XP level 6. HP: 50/50 MP: 8/8
  2776 | D:5      | Reached skill level 5 in Fighting
  2776 | D:5      | Reached skill level 5 in Dodging
  2777 | D:5      | Found a radiant altar of Vehumet.
  3203 | D:5      | Noticed Blork the orc
  3215 | D:5      | Killed Blork the orc
  3216 | D:5      | Reached XP level 7. HP: 39/56 MP: 10/10
  3234 | D:5      | Noticed Menkaure
  3241 | D:5      | Killed Menkaure
  3407 | D:5      | Reached skill level 9 in Ranged Weapons
  3931 | D:1      | Bought a pair of embroidered gloves for 157 gold pieces
  4024 | D:6      | Noticed a wyvern
  4351 | D:6      | Reached XP level 8. HP: 59/63 MP: 12/12
  4352 | D:6      | Noticed Eustachio
  4371 | D:6      | Killed Eustachio
  4561 | D:6      | Noticed Edmund
  4582 | D:6      | Killed Edmund
  5146 | D:6      | Killed a wyvern
  5589 | D:6      | Noticed Dowan
  5591 | D:6      | Noticed Duvessa
  5609 | D:6      | Killed Duvessa
  5623 | D:6      | Killed Dowan
  5624 | D:6      | Reached XP level 9. HP: 56/69 MP: 14/14
  6291 | D:7      | Found a staircase to the Ecumenical Temple.
  6348 | D:7      | Reached skill level 5 in Stealth
  6513 | D:7      | Found a stormy altar of Qazlal.
  6521 | Temple   | Entered the Ecumenical Temple
  6679 | D:4      | Became a worshipper of Warmaster Okawaru
  6801 | D:7      | Identified the +1 robe of Zuazy {rPois Int+7}
  6903 | D:7      | Learned a level 2 spell: Wereblood
  7053 | D:7      | Reached skill level 5 in Invocations
  7964 | D:8      | Noticed a two-headed ogre
  7974 | D:8      | Killed a two-headed ogre
  7974 | D:8      | Reached * piety under Okawaru
  7975 | D:8      | Reached skill level 5 in Short Blades
  7975 | D:8      | Reached skill level 5 in Long Blades
  7975 | D:8      | Reached skill level 5 in Axes
  7975 | D:8      | Reached skill level 5 in Maces & Flails
  7975 | D:8      | Reached skill level 5 in Polearms
  7975 | D:8      | Reached skill level 5 in Staves
  7975 | D:8      | Reached skill level 5 in Throwing
  7975 | D:8      | Reached skill level 5 in Armour
  7975 | D:8      | Reached skill level 5 in Shields
  7975 | D:8      | Reached skill level 5 in Unarmed Combat
  7975 | D:8      | Reached skill level 5 in Spellcasting
  7975 | D:8      | Reached skill level 5 in Evocations
  7975 | D:8      | Reached XP level 10. HP: 28/77 MP: 15/17
  8294 | D:8      | Reached skill level 10 in Ranged Weapons
  8359 | D:8      | Reached ** piety under Okawaru
  8365 | D:8      | Learned a level 3 spell: Portal Projectile
  8768 | D:9      | Found a staircase to the Orcish Mines.
  8768 | D:9      | Noticed a purple ugly thing
  8801 | D:9      | Killed a purple ugly thing
  8821 | D:9      | Killed from afar by an orc priest

Illustrated notes

Levels and vault maps discovered:
D:1:      matt_arrival_grand_opening, layout_rooms, serial_shops,
          nicolae_shop_stone, basic_ecumenical_altar
D:2:      layout_basic
D:3:      minmay_skewed_foursquare, layout_loops_cross, serial_shops,
          nicolae_diamond_shop, serial_park_tiny_2, grunt_decor_one_mirror
D:4:      layout_basic, mainiacjoe_overflow_alcove_2,
          riverfiend_overflow_shadow_ancestor
D:5:      layout_basic, nicolae_vehumet_radiance, uniq_blork_the_orc,
          uniq_menkaure
D:6:      layout_basic, roderic_roman_lattice, uniq_eustachio, uniq_edmund,
          uniq_duvessa
D:7:      minmay_angry_zag, layout_rooms, nicolae_qazlal_scattered_showers,
          minmay_temple_entry_proselytizer
D:8:      layout_loops_cross
D:9:      layout_cave_pools, bloody_makhleb, zin_purify,
          gammafunk_temple_overflow_wave, orc_0_dummy, grunt_ministairs_9,
          uniq_harold
Temple:   nicolae_temple_ecumenical_triangle

Skill      XL: |  1  2  3  4  5  6  7  8  9 10 |
---------------+-------------------------------+-----
Invocations    | 1 2 3 4 5 |  5.9
Short Blades   | 1 2 3 5 |  5.3
Long Blades    | 1 2 3 5 |  5.3
Axes           | 1 2 3 5 |  5.3
Maces & Flails | 1 2 3 5 |  5.3
Polearms       | 1 2 3 5 |  5.3
Staves         | 1 2 3 5 |  5.3
Throwing       | 1 2 3 5 |  5.3
Armour         | 1 2 3 5 |  5.3
Shields        | 1 2 3 5 |  5.3
Unarmed Combat | 1 2 3 5 |  5.3
Spellcasting   | 1 2 3 5 |  5.3
Evocations     | 1 2 3 5 |  5.3
Conjurations   | 1 2 3 4 |  4.4
Hexes          | 1 2 3 4 |  4.4
Summonings     | 1 2 3 4 |  4.4
Necromancy     | 1 2 3 4 |  4.4
Translocations | 1 2 3 4 |  4.4
Transmutations | 1 2 3 4 |  4.4
Fire Magic     | 1 2 3 4 |  4.4
Ice Magic      | 1 2 3 4 |  4.4
Air Magic      | 1 2 3 4 |  4.4
Earth Magic    | 1 2 3 4 |  4.4
Poison Magic   | 1 2 3 4 |  4.4
Stealth        | 3 4 5 |  5.9
Fighting       | 5 6 7 |  7.1
Dodging        | 5 6 7 |  7.1
Ranged Weapons | 9 10 | 10.1

Action                   |  1- 3 |  4- 6 |  7- 9 | 10-12 || total
-------------------------+-------+-------+-------+-------++-------
Melee: Short sword       |       |       |       |    16 ||    16
       Bite              |       |       |       |     1 ||     1
 Fire: Shortbow          |    64 |   191 |   361 |    40 ||   656
 Cast: Portal Projectile |       |       |       |     2 ||     2
       Wereblood         |       |       |       |     1 ||     1
Evoke: Wand              |       |     1 |     4 |       ||     5
  Use: Scroll            |       |     7 |     3 |     5 ||    15
       Potion            |       |     1 |       |     3 ||     4
Armor: Leather armour    |     7 |    38 |    60 |       ||   105
       Robe              |       |       |    26 |    10 ||    36
Dodge: Dodged            |    18 |    64 |   157 |    60 ||   299
